Map: Templo Congelado

Players

MaGiCaL

  • Race: Protoss Protoss
  • League: Grandmaster

Ghost - Winner!

  • Race: Terran Terran
  • League: Grandmaster

VOD

Have the link to the VOD?

Description

Time

  • Played on: May 2, 2016, 11:35 a.m.
  • Length: 10:08
Show
View Real Time Build Order
Export as new Build Order

MaGiCaL Protoss 

Build Orders:  

Get SALT Encoding   

  12  0:01  Probe (Chrono Boost)  
  13  0:11  Probe (Chrono Boost)  
  14  0:17  Pylon  
  14  0:22  Probe (Chrono Boost)  
  15  0:35  Probe (Chrono Boost)  
  16  0:36  Gateway  
  16  0:42  Assimilator  
  16  0:46  Probe (Chrono Boost)  
  17  0:51  Assimilator  
  17  0:56  Probe (Chrono Boost)  
  18  1:04  Gateway  
  18  1:07  Probe (Chrono Boost)  
  19  1:18  Probe (Chrono Boost)  
  20  1:23  Cybernetics Core  
  20  1:29  Probe (Chrono Boost)  
  21  1:39  Probe (Chrono Boost)  
  22  1:43  Pylon  
  22  1:50  Probe (Chrono Boost)  
  23  2:00  Warp Gate (Chrono Boost)  
  23  2:01  Stalker x2  
  27  2:18  Robotics Facility  
  27  2:31  Stalker x2  
  27  2:35  Pylon  
  31  2:50  Gateway  
  31  2:55  Pylon  
  31  3:11  Immortal (Chrono Boost)  
  35  3:29  Mothership Core  
  36  3:46  Immortal (Chrono Boost)  
  40  3:50  Probe  
  41  3:56  Stalker x2  
  41  3:57  Stalker  
  43  4:06  Probe  
  43  4:09  Pylon  
  44  4:18  Probe  
  44  4:20  Observer (Chrono Boost)  
  46  4:33  Probe  
  47  4:42  Nexus  
  47  4:53  Twilight Council  
  47  4:55  Observer (Chrono Boost)  
  48  5:00  Probe  
  48  5:04  Gateway  
  49  5:12  Probe  
  50  5:18  Pylon  
  50  5:23  Observer (Chrono Boost)  
  50  5:24  Probe  
  52  5:34  Blink (Chrono Boost)  
  52  5:37  Probe  
  52  5:42  Pylon  
  53  5:49  Probe  
  54  5:54  Probe  
  55  5:59  Observer  
  55  6:01  Probe  
  57  6:09  Stalker  
  57  6:10  Stalker x2  
  63  6:16  Probe  
  63  6:17  Probe  
  65  6:22  Gateway  
  65  6:24  Assimilator  
  65  6:29  Probe  
  65  6:30  Probe  
  67  6:37  Stalker x2  
  71  6:40  Stalker  
  71  7:09  Pylon  
  71  7:11  Pylon  
  71  7:12  Pylon  
  71  7:19  Pylon  
  71  7:21  Gateway  
  71  7:24  Resonating Glaives (Chrono Boost)  
  71  7:26  Probe  
  71  7:27  Probe  
  73  7:30  Robotics Facility  
  73  7:36  Probe  
  73  7:40  Probe  
  73  7:43  Adept x4  
  83  7:47  Probe  
  84  7:52  Probe  
  84  7:58  Probe  
  85  8:02  Pylon  
  85  8:04  Pylon, Probe  
  87  8:05  Pylon  
  87  8:08  Adept x4  
  95  8:13  Dark Shrine  
  86  8:43  Pylon  
  86  8:45  Pylon  
  86  8:47  Pylon  
  45  8:55  Adept x2  
  45  8:56  Adept x2  
  45  8:58  Adept  
  51  9:25  Dark Templar x2  
  51  9:33  Gateway  
  39  9:55  Pylon  
Show
View Real Time Build Order
Export as new Build Order

Ghost Terran - Winner!

Build Orders: Reaper Expand, MMM Bio 

Get SALT Encoding   

  12  0:00  SCV  
  13  0:13  SCV  
  14  0:18  Supply Depot  
  14  0:25  SCV  
  15  0:40  SCV  
  15  0:41  Barracks  
  16  0:46  Refinery  
  16  0:52  SCV  
  17  1:04  SCV  
  18  1:16  SCV  
  19  1:29  Orbital Command  
  19  1:30  Reaper  
  20  1:47  Command Center  
  20  1:56  SCV  
  20  1:58  Supply Depot  
  21  2:08  SCV  
  22  2:10  Barracks Reactor  
  22  2:17  Bunker  
  22  2:20  SCV  
  23  2:29  Factory  
  23  2:32  SCV  
  24  2:40  Refinery  
  24  2:44  SCV  
  24  2:49  Marine x2  
  27  2:56  SCV  
  28  3:03  Orbital Command  
  28  3:07  Marine x2  
  30  3:13  Factory Tech Lab  
  30  3:14  Starport  
  30  3:19  SCV  
  31  3:27  Marine x2  
  31  3:31  SCV  
  31  3:33  Siege Tank  
  37  3:40  SCV  
  38  3:43  SCV  
  38  3:45  Barracks  
  38  3:48  Supply Depot  
  39  3:50  Marine  
  39  3:51  Barracks  
  40  3:56  SCV  
  40  4:02  SCV  
  42  4:04  Marine  
  42  4:06  Medivac  
  45  4:10  SCV  
  45  4:14  Supply Depot  
  45  4:16  SCV  
  47  4:19  Marine  
  48  4:26  Siege Tank  
  48  4:29  Liberator  
  50  4:33  Barracks Tech Lab  
  50  4:36  SCV  
  50  4:37  Marine  
  52  4:40  Marine x2  
  56  5:03  Supply Depot  
  56  5:04  Supply Depot  
  56  5:05  Stimpack  
  56  5:24  Marine x4  
  56  5:27  Supply Depot x2  
  56  5:28  Siege Tank  
  63  5:42  Marine  
  63  5:44  Marine x2  
  63  5:46  Medivac  
  69  5:55  Barracks Tech Lab  
  69  5:56  Supply Depot  
  68  6:00  Marine  
  68  6:02  Marine  
  70  6:04  Marine  
  70  6:07  Orbital Command  
  68  6:19  SCV  
  68  6:22  Marine x4, Combat Shields  
  73  6:31  SCV  
  74  6:37  Siege Tank  
  77  6:40  Marine  
  77  6:43  Command Center  
  77  6:44  SCV  
  77  6:46  Marine  
  77  6:47  Marauder x2  
  84  6:48  SCV  
  84  6:49  Refinery  
  84  6:53  Engineering Bay  
  85  6:55  Supply Depot  
  85  6:58  Marine  
  83  7:06  Marine  
  83  7:07  Marine  
  83  7:08  Marine  
  82  7:09  Concussive Shells  
  82  7:10  Medivac  
  82  7:14  SCV  
  82  7:15  SCV  
  86  7:26  SCV  
  86  7:27  SCV  
  86  7:28  Marine  
  89  7:30  Marine x2  
  90  7:43  Marine  
  89  7:46  Marine  
  89  7:49  Marauder  
  92  7:53  Marine  
  92  7:56  Orbital Command  
  92  8:01  Marauder  
  92  8:04  Marine, Siege Tank  
  98  8:09  Marine  
  91  8:13  Marine  
  91  8:22  Marine  
  91  8:28  Marine x2  
  91  8:31  Marine  
  94  8:39  Marine  
  88  8:50  Marine  
  88  8:54  SCV  
  87  9:03  Supply Depot  
  86  9:22  Supply Depot  
  86  9:24  Marine x2, Supply Depot x2  
  83  9:25  Marauder  
  83  9:27  Supply Depot  
  87  9:43  Supply Depot  
  87  9:44  Marine x3, SCV  
  91  9:46  Marine  
  82  9:54  Missile Turret  
Tags
 
Add a new tag
Caveats
  • Supply blocks, unpowered buildings, or Contaminate may cause inaccurate times.
  • Supply counts are checked every 10 seconds.